 Dungeon Crawl Stone Soup version 0.30-a0-322-g102857c98e (webtiles) character file.

Game seed: 7243680265678303401

244 freelancePsychic the Sneak (level 6, -3/42 HPs)
             Began as an Octopode Hunter on Oct 27, 2022.
             Killed from afar by an orc wizard (5 damage)
             ... with a magic dart
             ... on level 3 of the Dungeon.
             The game lasted 00:05:53 (3027 turns).

freelancePsychic the Sneak (Octopode Hunter)        Turns: 3027, Time: 00:05:54

Health: -3/42      AC:  1    Str: 10    XL:     6   Next: 10%
Magic:  0/6        EV: 13    Int: 12    God:
Gold:   245        SH:  0    Dex: 17    Spells: 5/5 levels left

rFire   . . .      SeeInvis .    a - +0 shortbow
rCold   . . .      Faith    .    (shield currently unavailable)
rNeg    . . .      Spirit   +    (helmet restricted)
rPois   .          Reflect  .    h - amulet of guardian spirit
rElec   .          Harm     .    (no ring)
rCorr   .          Rampage  .    (no ring)
Will    .....                    (no ring)
Stlth   ++++......               (no ring)
HPRegen 0.27/turn                (no ring)
MPRegen 0.10/turn                (no ring)
                                 (no ring)
                                 (no ring)

@: mighty, invisible
A: almost no armour, amphibious, 8 rings, camouflage 1, gelatinous body 1,
(nimble swimmer 1), tentacles
a: no special abilities


You were on level 3 of the Dungeon.
You visited 1 branch of the dungeon, and saw 3 of its levels.

You collected 245 gold pieces.

Inventory:

Hand Weapons
 a - a +0 shortbow (weapon)
Jewellery
 h - an amulet of guardian spirit (around mantle)
Scrolls
 b - 2 scrolls of immolation
 e - 2 scrolls of teleportation {@r4}
 f - a scroll of butterflies {unknown}
 i - a scroll of identify {@r1}
 j - a scroll of enchant weapon {unknown}
 k - a scroll of enchant armour
 l - a scroll of poison
Potions
 c - a potion of curing {unknown}
 g - 4 potions of brilliance


   Skills:
 + Level 3.5 Fighting
 + Level 4.9 Ranged Weapons
 - Level 2.0 Dodging
 * Level 6.0 Stealth


You had 5 spell levels left.
You didn't know any spells.
Your spell library was empty.

Dungeon Overview and Level Annotations

Branches:
Dungeon (3/15)

Altars:

Shops:
D:3 =

Annotations:
D:3 Grinder


Innate Abilities, Weirdness & Mutations

You cannot wear most types of armour.
You are amphibious.
You can wear up to eight rings at the same time.
Your skin changes colour to match your surroundings (Stealth+).
Your rubbery body absorbs attacks. (AC +1, EV +1)
((You are camouflaged when in or above water. (Stealth+)))
You have tentacles for arms and can constrict up to eight enemies at once.


Message History

Fire: a) +0 shortbow
Press: ? - help, Shift-Dir - straight line You shoot an arrow.
Something hits you. x2
You shoot an arrow. Something hits you.
You shoot an arrow. Something hits you.
You shoot an arrow. Something hits you.
You shoot an arrow.
You hear some strange, mumbled words.
A puff of flame appears from out of thin air!
The puff of flame hits you!
You hear some strange, mumbled words.
You are confused.
You bump into the granite statue.
Something hits you.
You barely miss something. Your squeeze misses something. Something hits you.
* * * LOW HITPOINT WARNING * * *
You bump into the granite statue.
Something barely misses you.
You bump into the granite statue.
You hear some strange, mumbled words.
A puff of flame appears from out of thin air!
The puff of flame hits you.
* * * LOW HITPOINT WARNING * * *
You hear some strange, mumbled words.
Something tries to affect you, but you resist.
It was a potion of invisibility.
You fade into invisibility!
Something hits you.
* * * LOW HITPOINT WARNING * * *
It was a potion of might.
You feel very mighty all of a sudden.
You feel less confused. Something hits you.
* * * LOW HITPOINT WARNING * * *
You shoot an arrow. Something barely misses you.
Something completely misses you.
You shoot an arrow. Something hits you.
* * * LOW HITPOINT WARNING * * *
You shoot an arrow.
You hear some strange, mumbled words.
A magic dart appears from out of thin air!
The magic dart hits you.
You die...

....#####.#5
#.........#........
....#
#.........#........
....#
#.........#........
....# ≈
#.........#........
....# ≈≈
#.........#........
..### ≈≈≈
#.........#........
#..# ..≈≈
#.........#########
#.##
##~~≈###........#
#.#
.##8.8.8@.......# .
#.#
..)....{.########
#'#
.##8.8.8........#
..##
##~~≈###........#
...# ..≈≈
#.........# ...##
≈≈≈ #.........#
....# ≈≈ #.........#
#### ##### ≈
.#.........# #)..
.......)...######...


There were no monsters in sight!

Vanquished Creatures
  An orc wizard (D:3)
  Ijyb (D:3)
  Natasha (twice) (D:2)
  Robin (D:3)
  6 adders (D:3)
  An ufetubus (D:3)
  2 worms (D:3)
  A dart slug (D:1)
  An orc (D:3)
  3 endoplasms
  7 giant cockroaches
  14 goblins
  7 hobgoblins
  A quokka (D:1)
  8 ball pythons
  A bat (D:3)
  A frilled lizard (D:1)
  4 kobolds
  7 rats
69 creatures vanquished.

Notes
Turn   | Place    | Note
-------+----------+-------------------------------------------
     0 | D:1      | freelancePsychic the Octopode Hunter began the quest for
                  | the Orb.
     0 | D:1      | Reached XP level 1. HP: 14/14 MP: 1/1
   101 | D:1      | Reached skill level 2 in Stealth
   116 | D:1      | Reached XP level 2. HP: 19/19 MP: 2/2
   725 | D:2      | Reached skill level 3 in Stealth
   745 | D:2      | Reached XP level 3. HP: 25/25 MP: 3/3
   922 | D:2      | Noticed Natasha
   954 | D:2      | Killed Natasha
  1052 | D:2      | Noticed Natasha
  1058 | D:2      | Killed Natasha
  1059 | D:2      | Reached skill level 4 in Stealth
  1059 | D:2      | Reached XP level 4. HP: 13/30 MP: 4/4
  1694 | D:3      | Found Gitotocku's Jewellery Emporium.
  1713 | D:3      | Reached XP level 5. HP: 25/36 MP: 5/5
  1813 | D:3      | Noticed Grinder
  1991 | D:3      | Reached skill level 5 in Stealth
  2001 | D:3      | Noticed Robin
  2326 | D:3      | Killed Robin
  2536 | D:3      | Noticed Ijyb
  2824 | D:3      | Killed Ijyb
  3008 | D:3      | Reached skill level 6 in Stealth
  3008 | D:3      | Reached XP level 6. HP: 36/42 MP: 4/6
  3026 | D:3      | HP: 1/42 [something (3)]
  3027 | D:3      | Killed from afar by an orc wizard

Illustrated notes

Levels and vault maps discovered:
D:1:      minmay_arrival_shoal_huts, layout_basic, chequers_serial_rivers_room_b
D:2:      layout_basic, uniq_natasha
D:3:      layout_basic, kennysheep_orc_sif_temple, serial_shops, shop_coins,
          portal_sewer_entry_e, uniq_ijyb, uniq_grinder, uniq_robin

Skill      XL: |  1  2  3  4  5 |
---------------+----------------+-----
Stealth        | 2 3 4 6 |  6.0
Fighting       | 3 |  3.5
Ranged Weapons | |  4.9
Dodging        | |  2.0

Action                   |  1- 3 |  4- 6 || total
-------------------------+-------+-------++-------
Melee: Shortbow          |       |     2 ||     2
 Fire: Shortbow          |    66 |   182 ||   248
  Use: Scroll            |       |     7 ||     7
       Potion            |       |     2 ||     2
Armor: Skin              |       |     6 ||     6
Dodge: Dodged            |    11 |    89 ||   100

Table legend: (Time is in decaauts)
 A = Elapsed time spent in this place.
 B = Non-inter-level travel time spent in this place.
 C = Inter-level travel time spent in this place.
 D = Time resting spent in this place.
 E = Time spent auto-exploring this place.
 F = Levels seen in this place.
 G = Mean time per level.
                   A        B        C        D        E       F      G
               +--------+--------+--------+--------+--------+-----+--------+
         Total |   3101 |   3033 |     68 |      0 |   2521 |   3 | 1033.7 |
       Dungeon |   3101 |   3033 |     68 |      0 |   2521 |   3 | 1033.7 |
               +--------+--------+--------+--------+--------+-----+--------+

Top non-repeatable levels by time:
     D:3: 1590 daAuts
     D:2: 780 daAuts
     D:1: 730 daAuts
